Workbook

Sheet Liste de monitoring
B2: Demande | D2: Traitement | F2: Données du client | U2: Partenaire de mise en œuvre | AA2: Mise en œuvre | AC2: Mesure | AF2: ICP
D3: Personne | E3: Statut | F3: Client final | K3: Objet / magasin | N3: Personne de contact | R3: Coordonnées bancaires | AF3: Consommation électrique ancienne installation | AG3: Consommation électrique nouvelle installation | AH3: Économies annuelles | AI3: Économies annuelles | AJ3: Économies imputables sur la durée | AK3: Coûts d’investissement | AL3: Économies dues à la mesure | AM3: Temps de retour | AN3: Montant de la subvention | AO3: Part de subvention
B4: ID | C4: Date | F4: Nom | G4: Rue | H4: Numéro | I4: NPA | J4: Localité | K4: Nom | L4: NPA | M4: Localité | N4: Nom, prénom | O4: Fonction | P4: E-mail | Q4: Téléphone | R4: Titulaire du compte | S4: IBAN | T4: Institution financière | U4: Nom, prénom | V4: Entreprise | W4: NPA | X4: Localité | Y4: E-mail | Z4: Téléphone | AA4: Date | AB4: Statut | AC4: Mesure | AD4: Wirkungsmodell | AE4: Respect des conditions de subvention | AF4: kWh/a | AG4: kWh/a | AH4: kWh/a | AI4: % | AJ4: kWh | AK4: CHF | AL4: CHF/a | AM4: a | AN4: CHF | AO4: %
C5: =TODAY() -> 46296 | E5: QS1 bestätigt | F5: ='Informations générales'!C17 -> 0 | G5: ='Informations générales'!C19 -> 0 | H5: ='Informations générales'!C20 -> 0 | I5: ='Informations générales'!C21 -> 0 | J5: ='Informations générales'!C22 -> 0 | N5: ='Informations générales'!C24 -> 0 | P5: ='Informations générales'!C25 -> 0 | Q5: ='Informations générales'!C26 -> 0 | U5: ='Informations générales'!C11 -> 0 | V5: ='Informations générales'!C12 -> 0 | Y5: ='Informations générales'!C13 -> 0 | Z5: ='Informations générales'!C14 -> 0 | AB5: reserviert | AC5: Systemersatz Lackieranlage | AD5: Wirkungsmodell Lackieranlagen | AF5: =Aspiration!D25 -> 0 | AG5: =Aspiration!F25 -> 0 | AH5: =Aspiration!C30 -> 0 | AI5: =Aspiration!C31 -> #DIV/0! | AJ5: =AH5*15*0.75 -> 0 | AK5: =Aspiration!F27 -> 0 | AL5: =Aspiration!C34 -> 0 | AM5: =Aspiration!C35 -> #DIV/0! | AN5: =Aspiration!C37 -> 0 | AO5: =Aspiration!C38 -> #DIV/0!

Sheet Informations générales
B2: #VALUE! | C2: #VALUE!
B5: Modèle d’impact pour le remplacement des installations chez ColorWatt
B7: Saisies requises
B8: Aucune saisie / Aucun résultat
B10: Données du conseiller
B11: Nom, prénom
B12: Entreprise
B13: E-mail
B14: Numéro de téléphone
B16: Données du client final
B17: Nom de l’entreprise
B18: Adresse de l’entreprise
B19: Rue
... B26: Téléphone
B27: Prix de l’électricité en Rp/kWh | C27: 15
B29: Résumé des mesures
B30: Économies (kWh) | C30: =Aspiration!C30 -> 0
B31: in % | C31: =Aspiration!C31 -> #DIV/0!
B33: Économies (CHF/an) | C33: =Aspiration!C34 -> 0
B34: Coûts totaux d’investissement | C34: =Aspiration!F27 -> 0
B35: Payback (Return on Investment, in Jahren) | C35: =Aspiration!C35 -> #DIV/0! | H35: Montant maximal de la subvention
B37: Montant prévisionnel de la subvention | C37: =Aspiration!C37 -> 0 | H37: =IF(D18<=7.5,40,IF(AND(7.5<D18,D18<=15),(40-15*(D18/7.5-1)),15)) -> 40
B38: en % des coûts d’investissement | C38: =Aspiration!C38 -> #DIV/0!
B41: Conditions de participation
B43: Les mesures invoquées (remplacement d’équipement) ne doivent pas faire partie explicitement d’un accord de cible avec le canton, l’Agence de l’Énergie de l’Économie (EnAW) ou l’Agence des technologies propres Suisse (loi).
B44: Aucun double financement : aucun autre financement du canton ou du gouvernement fédéral ne sera demandé pour les mesures (remplacement d’équipement).
B45: En soumettant la demande, le demandeur confirme qu’il a pris note et respecté les conditions de financement ainsi que les critères d’efficacité applicables.
B46: Date:
B48: E-Mail à:
B49: colorwatt@ebp.ch
B51: Telefon:
B52: +41 44 395 11 97

Sheet Aspiration
B2: Modèle d’impact pour le remplacement des systèmes d’aspiration chez ColorWatt
B4: Saisies requises
B5: Aucune saisie / Aucun résultat
B7: Critères d’efficacité
B8: Ventilateurs : Les ventilateurs ont une puissance supérieure à 0,125 kW et inférieure à 500 kW. Le niveau d’efficacité N selon le Règlement (UE) n° 327/2011 correspond aux valeurs suivantes : - Ventilateur axial, catégorie de mesure « A,C », catégorie d’efficacité « statique », niveau d’efficacité N > = 50 - Ventilateur axial, catégorie de mesure « B,D », catégorie d’efficacité « totale », niveau d’efficacité N >= 64 - Ventilateur centrifuge et diagonal, catégorie de mesure « A,C », catégorie d’efficacité « statique », niveau d’efficacité N >= 62 - Ventilateur centrifuge et diagonal, catégorie de mesure « B,D », catégorie d’efficacité « totale », niveau d’efficacité N >= 65
B9: Moteurs électriques : Les moteurs sont des composants intégrés au produit et possèdent au moins la classe d’efficacité IE3, ainsi qu’un convertisseur de fréquence d’au moins classe IE2.
B10: Circuit économique : Un circuit économique est disponible et ajuste la consommation d’énergie en fonction du mode de fonctionnement.
D12: Données ancienne machine | F12: Données nouvelle machine
B13: Modèle précis installation/machine
B14: Puissance système [kW]
B15: Débit volumique [m3/h]
B16: Heures annuelles [h/a]
B17: Profil de charge | D17: Part pleine charge | E17: Part du temps (100%) | F17: Part pleine charge | G17: Part du temps (100%)
B18: 1
B19: 2
B20: 3
B21: 4
B22: 5
B23: 6
B24: Heures pleine charge/an | D24: =D16*E18*D18+D16*E19*D19+D16*E20*D20+D16*E21*D21+D16*D22*E22+D16*D23*E23 -> 0 | F24: =F16*G18*F18+F16*G19*F19+F16*G20*F20+F16*G21*F21+F16*F22*G22+F16*F23*G23 -> 0
B25: Consommation (kWh/an) | D25: =D24*D14 -> 0 | F25: =IFERROR(F24*F14*(D15/F15),0) -> 0
B27: Coûts totaux d’investissement du nouveau système, installation et TVA, totalisant en CHF En cas d’augmentation de la capacité, réduisez proportionnellement les coûts d’investissement associés.
B29: Résumé de la mesure
B30: Économies (kWh/an) | C30: =D25-F25 -> 0
B31: in % | C31: =1-F25/D25 -> #DIV/0!
B32: Taux de subvention (CHF/MWh) | C32: 225
B34: Économies (CHF/an) | C34: =C30*(15/100) -> 0
B35: Payback (Return on Investment) | C35: =F27/C34 -> #DIV/0! | D35: Ça doit être plus de 4 ans !
B37: Subvention prévisionnelle (CHF) | C37: =IF((C30/1000*C32)>(F27*0.3),(F27*0.3),(C30/1000*C32)) -> 0
B38: en % des coûts d’investissement | C38: =C37/F27 -> #DIV/0!

Sheet Exemple
B2: Modèle d’impact pour le remplacement des systèmes d’aspiration chez ColorWatt
B4: Saisies requises
B5: Aucune saisie / Aucun résultat
B7: Critères d’efficacité
B8: Ventilateurs : Les ventilateurs ont une puissance supérieure à 0,125 kW et inférieure à 500 kW. Le niveau d’efficacité N selon le Règlement (UE) n° 327/2011 correspond aux valeurs suivantes : - Ventilateur axial, catégorie de mesure « A,C », catégorie d’efficacité « statique », niveau d’efficacité N > = 50 - Ventilateur axial, catégorie de mesure « B,D », catégorie d’efficacité « totale », niveau d’efficacité N >= 64 - Ventilateur centrifuge et diagonal, catégorie de mesure « A,C », catégorie d’efficacité « statique », niveau d’efficacité N >= 62 - Ventilateur centrifuge et diagonal, catégorie de mesure « B,D », catégorie d’efficacité « totale », niveau d’efficacité N >= 65 | F8: Ja
B9: Moteurs électriques : Les moteurs sont des composants intégrés au produit et possèdent au moins la classe d’efficacité IE3, ainsi qu’un convertisseur de fréquence d’au moins classe IE2. | F9: Ja
B10: Circuit économique : Un circuit économique est disponible et ajuste la consommation d’énergie en fonction du mode de fonctionnement. | F10: Ja
D12: Données ancienne machine | F12: Données nouvelle machine
B13: Modèle précis installation/machine
B14: Puissance système [kW] | D14: 15 | F14: 12
B15: Débit volumique [m3/h] | D15: 3000 | F15: 3000
B16: Heures annuelles [h/a] | D16: 4000 | F16: 4000
B17: Profil de charge | D17: Part pleine charge | E17: Part du temps (100%) | F17: Part pleine charge | G17: Part du temps (100%)
B18: 1 | D18: 1 | E18: 1 | F18: 0.8 | G18: 0.5
B19: 2 | F19: 0.6 | G19: 0.3
B20: 3 | F20: 0.5 | G20: 0.2
B21: 4
B22: 5
B23: 6
B24: Heures pleine charge/an | D24: =D16*E18*D18+D16*E19*D19+D16*E20*D20+D16*E21*D21+D16*D22*E22+D16*D23*E23 -> 4000 | F24: =F16*G18*F18+F16*G19*F19+F16*G20*F20+F16*G21*F21+F16*F22*G22+F16*F23*G23 -> 2720
B25: Consommation (kWh/an) | D25: =D24*D14 -> 60000 | F25: =IFERROR(F24*F14*(D15/F15),0) -> 32640
B27: Total Investitionskosten der Neuanlage inkl. Montage und MwSt, Total in CHF Bei Kapazitätserhöhung damit verbundene Investitionskosten anteilig herauskürzen. | F27: 50000
B29: Résumé de la mesure
B30: Économies (kWh/an) | C30: =D25-F25 -> 27360
B31: in % | C31: =1-F25/D25 -> 0.456
B32: Taux de subvention (CHF/MWh) | C32: 225
B34: Économies (CHF/an) | C34: =C30*(15/100) -> 4104
B35: Payback (Return on Investment, in Jahren) | C35: =F27/C34 -> 12.183236 | D35: muss grösser als 4 Jahre sein!
B37: Subvention prévisionnelle (CHF) | C37: =IF((C30/1000*C32)>(F27*0.3),(F27*0.3),(C30/1000*C32)) -> 6156
B38: en % des coûts d’investissement | C38: =C37/F27 -> 0.12312
